 Dungeon Crawl Stone Soup version 0.21-a0-42-gb537e02 (webtiles) character file.

3583 roguesci the Changer (level 10, 0/51 HPs)
             Began as a Vine Stalker Transmuter on June 4, 2017.
             Was an Initiate of Kikubaaqudgha.
             Slain by a vampire (9 damage)
             ... on level 8 of the Dungeon on June 5, 2017.
             The game lasted 00:43:14 (8184 turns).

roguesci the Changer (Vine Stalker Transmuter)      Turns: 8184, Time: 00:43:15

Health: 0/51       AC:  2    Str: 13    XL:     10   Next: 10%
Magic:  0/19       EV: 24    Int: 16    God:    Kikubaaqudgha [......]
Gold:   333        SH:  0    Dex: 20    Spells: 10/19 levels left

rFire    . . .     SeeInvis .     - Unarmed
rCold    . . .     Gourm    .   (shield currently unavailable)
rNeg     . . .     Faith    .   (armour currently unavailable)
rPois    x         Spirit   +   (helmet currently unavailable)
rElec    .         Reflect  .   (cloak currently unavailable)
rCorr    .         Harm     .   (gloves currently unavailable)
MR       +....                  (boots currently unavailable)
Stlth    +++.......             (no amulet)
Regen    0.6/turn               (no ring)
MPRegen  0.2/turn               (no ring)

@: spider-form (expiring)
A: regeneration 1, magic shield, no potion heal 3, rot immunity
a: End Transformation, Renounce Religion


You were on level 8 of the Dungeon.
You worshipped Kikubaaqudgha.
Kikubaaqudgha was noncommittal.
You were not hungry.
You were a venomous arachnid creature.
You visited 2 branches of the dungeon, and saw 10 of its levels.

You collected 333 gold pieces.

Inventory:

Hand Weapons
 p - a +2 vampiric dagger
Missiles
 n - 162 stones (quivered)
Armour
 i - a +0 cloak (melded)
 z - the +2 robe of the Valley of Death (melded) {rF+ rC+ MR+ Int+2}
   (You found it on level 4 of the Dungeon)

   It affects your intelligence (+2).
   It protects you from fire.
   It protects you from cold.
   It affects your resistance to hostile enchantments.
 K - a +0 pair of gloves (melded)
Jewellery
 k - an uncursed ring of flight
 w - an uncursed ring of fire
 L - an uncursed ring of poison resistance {unknown}
Wands
 v - a wand of acid (8/15)
 y - a wand of polymorph (4/24)
 I - a wand of iceblast (8/15)
 J - a wand of lightning (7/15)
Scrolls
 e - 3 scrolls of magic mapping
 h - 3 scrolls of fear
 j - 7 scrolls of identify
 m - 4 scrolls of teleportation
 q - 5 scrolls of remove curse
 r - 2 scrolls of amnesia {unknown}
 s - a scroll of noise {unknown}
 t - a scroll of immolation {unknown}
 u - 3 scrolls of enchant weapon
 B - a scroll of blinking {unknown}
 G - 2 scrolls of fog {unknown}
 M - a scroll of vulnerability {unknown}
Potions
 a - a potion of flight
 f - 2 potions of curing
 g - a potion of brilliance {unknown}
 x - a potion of mutation {unknown}
 A - 2 potions of might {unknown}
 C - 2 potions of agility {unknown}
 D - a potion of degeneration {unknown}
 F - 2 potions of invisibility {unknown}
Books
 b - a book of Minor Magic

   Spells                             Type                      Level
   a - Magic Dart                     Conjuration                  1
   b - Blink                          Translocation                2
   c - Call Imp                       Summoning                    2
   d - Slow                           Hexes                        2
   e - Conjure Flame                  Conjuration/Fire             3
   f - Mephitic Cloud                 Conjuration/Poison/Air       3
 c - a book of Changes

   Spells                             Type                      Level
   a - Beastly Appendage              Transmutation                1
   b - Sticks to Snakes               Transmutation                2
   c - Spider Form                    Transmutation/Poison         3
   d - Ice Form                       Ice/Transmutation            4
   e - Blade Hands                    Transmutation                5
 l - a book of Misfortune

   Spells                             Type                      Level
   a - Confusing Touch                Hexes                        1
   b - Confuse                        Hexes                        3
   c - Gell's Gravitas                Translocation                3
   d - Petrify                        Transmutation/Earth          4
   e - Metabolic Englaciation         Hexes/Ice                    5
   f - Yara's Violent Unravelling     Hexes/Transmutation          5
Comestibles
 d - 7 bread rations
 o - 8 meat rations
 H - a royal jelly


   Skills:
 * Level 5.1 Fighting
 + Level 3.3 Armour
 + Level 4.8 Dodging
 + Level 5.2 Stealth
 + Level 5.2 Unarmed Combat
 + Level 5.3 Spellcasting
 + Level 5.5 Transmutations
 * Level 5.4 Poison Magic


You had 10 spell levels left.
You knew the following spells:

 Your Spells              Type           Power        Failure   Level  Hunger
a - Beastly Appendage     Tmut           ###...       7%          1    None
b - Spider Form           Tmut/Pois      ###.......   14%         3    ###....
c - Mephitic Cloud        Conj/Pois/Air  ##......     43%         3    ###....
d - Blink                 Tloc           N/A          43%         2    #......


Dungeon Overview and Level Annotations

Branches:
Dungeon (9/15)             Temple (1/1) D:7
   Lair: D:8-11         Orc: D:9-12

Altars:
Ashenzari
Cheibriados
Dithmenos
Elyvilon
Fedhas
Hepliaklqana
Kikubaaqudgha
Makhleb
Nemelex Xobeh
Okawaru
Qazlal
Sif Muna
Trog
Uskayaw
Vehumet
Wu Jian
Xom
Yredelemnul
Zin
The Shining One

Shops:
D:6 (

Annotations:
D:8 4 runed doors


Innate Abilities, Weirdness & Mutations

((You have razor-sharp teeth.))
Your natural rate of healing is unusually fast.
When hurt, damage is shared between your health and your magic reserves.
((Your bite disrupts and absorbs the magic of your enemies.))
Potions cannot restore your health.
You are immune to rotting.


Message History

Something draws strength from your injuries!
You closely miss something.
You hear some strange, mumbled words.
You are confused.
You bump into the crystal wall.
Something completely misses you. Something bites you!
Something draws strength from your injuries!
You're too confused to move!
Something closely misses you. Something bites you but does no damage.
You closely miss something. Something hits you!
* * * LOW HITPOINT WARNING * * *
Something misses you.
You bump into the crystal wall.
Something hits you.
* * * LOW HITPOINT WARNING * * *
Something misses you.
You bump into the crystal wall.
Your transformation is almost over.
You feel less confused. Something barely misses you. Something bites you!
You die...
Kikubaaqudgha rasps: "You have failed me!
Welcome... death!"

#.#.....##############..#
# ##...##### ##.# #
####...## #.# ###....#.##
#.## ....####..#########
#..# .####
##..)......############.##
##
####....................#
#
####...######..######...#
## #.....##s{..#### ##..#
.### #.....#.###..# #..#
...### #.....#.#)##.# #..#
##)..# #.....#.##.# # #..#
###.####.....#.#.## #^.#
#..##......##...# ##...
#####..........###'#
#+###..#.
..[)...##..........#
#......#.
#####...#.........##
##.##..#.


There were no monsters in sight!

Vanquished Creatures
  2 hippogriffs
  A spriggan (D:7)
  2 hungry ghosts
  Edmund (D:4)
  A water moccasin (D:6)
  5 ice beasts
  An orc warrior (D:7)
  A black bear (D:6)
  2 ogres
  A phantom (D:4)
  3 centaurs
  4 bullfrogs
  2 scorpions
  5 howler monkeys
  3 crimson imps (D:5)
  3 hounds (D:5)
  5 orc wizards
  4 orc priests
  2 centaur skeletons
  A gnoll shaman (D:8)
  An iguana (D:6)
  3 worker ants
  A hound skeleton (D:4)
  A worker ant zombie (D:5)
  4 adders
  11 gnolls
  A howler monkey skeleton (D:8)
  3 oozes
  3 worms
  2 leopard geckos
  12 orcs
  A ball python (D:3)
  11 giant cockroaches
  12 goblins
  6 hobgoblins
  7 jackals
  7 kobolds
  6 quokkas
  10 bats
  6 frilled lizards
  A leopard gecko skeleton (D:4)
  9 rats
167 creatures vanquished.

Notes
Turn   | Place    | Note
-------+----------+-------------------------------------------
     0 | D:1      | roguesci the Vine Stalker Transmuter began the quest for the Orb.
     0 | D:1      | Reached XP level 1. HP: 9/9 MP: 4/4
    32 | D:1      | Reached skill level 1 in Fighting
   176 | D:1      | Reached XP level 2. HP: 7/14 MP: 0/6
  1107 | D:1      | Reached XP level 3. HP: 18/18 MP: 7/7
  2248 | D:2      | Gained mutation: Your natural rate of healing is unusually fast. [Vine Stalker growth]
  2248 | D:2      | Reached XP level 4. HP: 22/23 MP: 6/8
  2266 | D:1      | Learned a level 3 spell: Spider Form
  2956 | D:3      | Reached XP level 5. HP: 26/26 MP: 7/10
  2957 | D:3      | Reached skill level 1 in Stealth
  2977 | D:3      | Noticed a hippogriff
  3001 | D:3      | Killed a hippogriff
  3001 | D:3      | Reached XP level 6. HP: 21/32 MP: 2/12
  3812 | D:4      | Noticed Edmund
  3913 | D:4      | Killed Edmund
  3913 | D:4      | Reached skill level 1 in Armour
  3913 | D:4      | Reached XP level 7. HP: 16/35 MP: 4/13
  4207 | D:4      | Got a slimy robe
  4208 | D:4      | Identified the +2 robe of the Valley of Death {rF+ rC+ MR+ Int+2} (You found it on level 4 of the Dungeon)
  4598 | D:5      | Entered Level 5 of the Dungeon
  4742 | D:5      | Reached skill level 1 in Poison Magic
  4983 | D:5      | Gained mutation: You have razor-sharp teeth. [Vine Stalker growth]
  4983 | D:5      | Reached XP level 8. HP: 40/40 MP: 11/14
  5309 | D:6      | Found Fusoimez's Antique Weapon Shop.
  5346 | D:6      | Found a sparkling altar of Nemelex Xobeh.
  6083 | D:7      | Found a staircase to the Ecumenical Temple.
  6096 | Temple   | Entered the Ecumenical Temple
  6265 | Temple   | Learned a level 3 spell: Mephitic Cloud
  6268 | Temple   | Learned a level 2 spell: Blink
  6274 | Temple   | Upgraded the game from 0.21-a0-41-g5e91fef to 0.21-a0-42-gb537e02
  6324 | D:7      | Reached XP level 9. HP: 45/45 MP: 13/16
  6503 | D:7      | Reached skill level 5 in Transmutations
  6984 | Temple   | Became a worshipper of Kikubaaqudgha
  7279 | D:7      | Reached skill level 5 in Spellcasting
  7418 | D:8      | Reached skill level 5 in Unarmed Combat
  7589 | D:8      | Reached skill level 5 in Poison Magic
  7638 | D:8      | Found a large runed door.
  7638 | D:8      | Found a large runed door.
  7687 | D:8      | Found a deep blue altar of Sif Muna.
  7688 | D:8      | Found a snail-covered altar of Cheibriados.
  7702 | D:8      | You fall through a shaft!
  7762 | D:9      | Found a hide-covered altar of Uskayaw.
  7779 | D:9      | Reached skill level 5 in Stealth
  7824 | D:9      | Reached XP level 10. HP: 39/51 MP: 9/18
  7902 | D:9      | Reached skill level 5 in Fighting
  7987 | D:8      | Found a large runed door.
  7987 | D:8      | Found a large runed door.
  8184 | D:8      | Slain by a vampire

Vault maps used:
D:1:      minmay_arrival_stone_box, serial_park_tiny_pond
D:2:      serial_glass, glass_columns_b, glass_columns_b, glass_columns_a,
          glass_columns_b, minmay_strange_pillars, item_on_display_a,
          first_bread, grunt_ministairs_1
D:4:      uniq_edmund
D:6:      nemelex_xobeh_ov_fountains_minmay, serial_shops, nicolae_shop_trees
D:7:      minmay_temple_entry_trees, the_bakery, minmay_crossroads
D:8:      nicolae_overflow_hidden_temple, minmay_hollow_rounded_squares,
          uniq_grum
D:9:      old_standard_altar, minmay_misc_feat_chi
Temple:   lightli_temple_of_artemis

Skill      XL: |  1  2  3  4  5  6  7  8  9 10 |
---------------+-------------------------------+-----
Fighting       | 1 2 3 4 5 |  5.1
Transmutations | 3 4 5 |  5.5
Dodging        | 2 3 4 |  4.8
Stealth        | 2 3 5 |  5.2
Spellcasting   | 3 4 5 |  5.3
Armour         | 1 2 3 |  3.3
Unarmed Combat | 4 5 |  5.2
Poison Magic   | 1 3 5 |  5.4

Action                   |  1- 3 |  4- 6 |  7- 9 | 10-12 || total
-------------------------+-------+-------+-------+-------++-------
Melee: Unarmed           |   148 |   136 |   401 |    39 ||   724
       Bite              |    32 |    15 |    30 |     9 ||    86
       Headbutt          |     9 |     4 |       |       ||    13
       Kick              |     3 |       |       |       ||     3
       Punch             |     2 |     1 |     1 |       ||     4
Throw: Stone             |    31 |     6 |     8 |       ||    45
 Cast: Beastly Appendage |    13 |     6 |       |       ||    19
       Spider Form       |       |     9 |    37 |     2 ||    48
  Use: Potion            |       |     5 |     1 |       ||     6
       Scroll            |       |     3 |     8 |       ||    11
 Stab: Sleeping          |     1 |     2 |     3 |     3 ||     9
       Distracted        |       |       |     2 |       ||     2
  Eat: Chunk             |     4 |     5 |    14 |     2 ||    25
       Fruit             |       |     2 |       |       ||     2
       Meat ration       |       |     1 |       |       ||     1
       Royal jelly       |       |       |     1 |     1 ||     2
Armor: Robe              |    15 |       |    16 |     6 ||    37
       Leather armour    |    32 |    25 |     4 |       ||    61
       Skin              |       |    43 |     8 |     3 ||    54
Dodge: Dodged            |   102 |    97 |   325 |    26 ||   550
